TOP OF THE 1ST |
Seattle Pikes batting - Pitching for St. Louis Browns : LHP Bernardo Miranda
|
Pitching: LHP Bernardo Miranda
|
|
Batting: RHB Wallace Greene
|
0-0: Called Strike 0-1: Ball 1-1: Called Strike 1-2: Foul Ball, location: 2F 1-2: Ball 2-2: Ball 3-2: Fly out, F7 (Flyball, 78M)
|
Batting: RHB Roberto Zamora
|
0-0: Called Strike 0-1: Ball 1-1: Swinging Strike 1-2: Foul Ball, location: 2F 1-2: Foul Ball, location: 2F 1-2: Strikes out swinging
|
Batting: RHB Bill Mark
|
0-0: SINGLE (Groundball, 25) (infield hit)
|
Batting: LHB Richard Hunter
|
0-0: Ball 1-0: SINGLE (Groundball, 6) (infield hit) Bill Mark to second
|
Batting: RHB Iván Gonzáles
|
0-0: Called Strike 0-1: Called Strike 0-2: Ball 1-2: Ball 2-2: Foul Ball, location: 2F 2-2: Ball 3-2: Base on Balls Bill Mark to third Richard Hunter to second
|
Batting: RHB António Ortega
|
0-0: Ball 1-0: Foul Ball, location: 2F 1-1: Ball 2-1: Foul Ball, location: 2F 2-2: SINGLE (Line Drive, 7S) Bill Mark scores Richard Hunter to third Iván Gonzáles to second
|
Batting: RHB Manuel Rico
|
0-0: Ground out 5-3 (Groundball, 56S)
|
Top of the 1st over - 1 run(s), 3 hit(s), 0 error(s), 3 left on base; Seattle 1 - St. Louis 0 |
BOTTOM OF THE 1ST |
St. Louis Browns batting - Pitching for Seattle Pikes : LHP Mike Graves
|
Pitching: LHP Mike Graves
|
|
Batting: SHB Ryobe Yamamoto
|
0-0: Foul Ball, location: 2F 0-1: Ground out 1-3 (Groundball, P)
|
Batting: RHB Paco Castillo
|
0-0: Ball 1-0: Foul Ball, location: 2F 1-1: Ball 2-1: Ball 3-1: TRIPLE (Line Drive, 9LS)
|
Batting: LHB Robin Hill
|
0-0: Called Strike 0-1: Ball 1-1: TRIPLE (Flyball, 78D) Paco Castillo scores
|
Batting: RHB Adrian Prouse
|
0-0: Called Strike 0-1: Ball 1-1: Foul Ball, location: 2F 1-2: Ball 2-2: Foul Ball, location: 2F 2-2: Ball 3-2: Foul Ball, location: 2F 3-2: Foul Ball, location: 2F 3-2: Foul Ball, location: 2F 3-2: Foul Ball, location: 2F 3-2: SINGLE (Line Drive, 4M) Robin Hill scores
|
Batting: RHB Anthony Rucker
|
0-0: Called Strike 0-1: Ball 1-1: Ball Wild Pitch! Adrian Prouse to second 2-1: Foul Ball, location: 2F 2-2: Ball 3-2: Fly out, F7 (Flyball, 7S)
|
Batting: RHB José Flores
|
0-0: SINGLE (Groundball, 6MD) Adrian Prouse to third Runner from 3rd tries for Home, SAFE, no throw
|
Batting: RHB António Venecia
|
0-0: Ball 1-0: Called Strike 1-1: Foul Ball, location: 2F 1-2: Ball Wild Pitch! José Flores to second 2-2: Ground out 5-3 (Groundball, 56)
|
Bottom of the 1st over - 3 run(s), 4 hit(s), 0 error(s), 1 left on base; Seattle 1 - St. Louis 3 |
TOP OF THE 2ND |
Seattle Pikes batting - Pitching for St. Louis Browns : LHP Bernardo Miranda
|
Batting: RHB Henning Huisman
|
0-0: Called Strike 0-1: Foul Ball, location: 2F 0-2: Strikes out swinging
|
Batting: RHB Eugene Gill
|
0-0: Called Strike 0-1: Ball 1-1: Fly out, F5 (Line Drive, 5)
|
Batting: RHB Wallace Greene
|
0-0: Called Strike 0-1: Ball 1-1: Ball 2-1: Foul Ball, location: 2F 2-2: Foul Ball, location: 2F 2-2: Ball 3-2: Base on Balls
|
Batting: RHB Roberto Zamora
|
0-0: Ball 1-0: Foul Ball, location: 2F 1-1: SINGLE (Groundball, 4MD) Wallace Greene to second Runner from 2nd tries for 3rd, SAFE, throw made to third
|
Batting: RHB Bill Mark
|
0-0: Called Strike 0-1: SINGLE (Groundball, 34D) Wallace Greene scores Roberto Zamora to second Runner from 2nd tries for 3rd, SAFE, no throw
|
Batting: LHB Richard Hunter
|
0-0: Called Strike 0-1: Called Strike 0-2: DOUBLE (Flyball, 8RXD) Roberto Zamora scores Bill Mark to third
|
Batting: RHB Iván Gonzáles
|
0-0: Ball 1-0: Fly out, F5 (Popup, 5S)
|
Top of the 2nd over - 2 run(s), 3 hit(s), 0 error(s), 2 left on base; Seattle 3 - St. Louis 3 |
BOTTOM OF THE 2ND |
St. Louis Browns batting - Pitching for Seattle Pikes : LHP Mike Graves
|
Batting: RHB Vicente Valentín
|
0-0: Ball 1-0: Foul Ball, location: 2F 1-1: Ball 2-1: Fly out, F9 (Flyball, 89D)
|
Batting: RHB Danny Walker
|
0-0: Called Strike 0-1: Ball 1-1: Called Strike 1-2: Foul Ball, location: 2F 1-2: Foul Ball, location: 2F 1-2: Strikes out swinging
|
Batting: SHB Ryobe Yamamoto
|
0-0: Ball 1-0: Foul Ball, location: 2F 1-1: Called Strike 1-2: Foul Ball, location: 2F 1-2: Ball 2-2: Fly out, F9 (Flyball, 9S)
|
Bottom of the 2nd over - 0 run(s), 0 hit(s), 0 error(s), 0 left on base; Seattle 3 - St. Louis 3 |
TOP OF THE 3RD |
Seattle Pikes batting - Pitching for St. Louis Browns : LHP Bernardo Miranda
|
Batting: RHB António Ortega
|
0-0: Swinging Strike 0-1: Foul Ball, location: 2F 0-2: Foul Ball, location: 2F 0-2: Ball 1-2: DOUBLE (Groundball, 5L)
|
Batting: RHB Manuel Rico
|
0-0: Called Strike 0-1: Fly out, F8 (Line Drive, 8LD) Runner from 2nd tags up, SAFE at 3rd, no throw
|
Batting: RHB Henning Huisman
|
0-0: Swinging Strike 0-1: Foul Ball, location: 2F 0-2: Ball 1-2: Strikes out swinging
|
Batting: RHB Eugene Gill
|
0-0: DOUBLE (Line Drive, 89M) António Ortega scores
|
Batting: RHB Wallace Greene
|
0-0: Called Strike 0-1: Ball 1-1: Ball 2-1: Foul Ball, location: 2F 2-2: Ball 3-2: TRIPLE (Flyball, 78XD) Eugene Gill scores
|
Batting: RHB Roberto Zamora
|
0-0: Called Strike 0-1: SINGLE (Line Drive, 4MD) Wallace Greene scores
|
Pitching: RHP Kitahachi Okada
|
|
Batting: RHB Bill Mark
|
0-0: Ball 1-0: Swinging Strike 1-1: Foul Ball, location: 2F 1-2: Foul Ball, location: 2F 1-2: Foul Ball, location: 2F 1-2: Fielders Choice at 2nd, 6-4 (Groundball, 6)
|
Top of the 3rd over - 3 run(s), 4 hit(s), 0 error(s), 0 left on base; Seattle 6 - St. Louis 3 |
BOTTOM OF THE 3RD |
St. Louis Browns batting - Pitching for Seattle Pikes : LHP Mike Graves
|
Batting: RHB Paco Castillo
|
0-0: SINGLE (Groundball, 4MD)
|
Batting: LHB Robin Hill
|
0-0: Foul Ball, location: 2F 0-1: Ball 1-1: Ball 2-1: Fly out, F7 (Line Drive, 7)
|
Batting: RHB Adrian Prouse
|
0-0: Ball 1-0: Ball 2-0: Fly out, F3 (Popup, 3S)
|
Batting: RHB Anthony Rucker
|
0-0: Ball 1-0: Called Strike 1-1: Ball 2-1: Swinging Strike 2-2: Fielders Choice at 2nd, 6-4 (Groundball, 6)
|
Bottom of the 3rd over - 0 run(s), 1 hit(s), 0 error(s), 0 left on base; Seattle 6 - St. Louis 3 |
TOP OF THE 4TH |
Seattle Pikes batting - Pitching for St. Louis Browns : RHP Kitahachi Okada
|
Batting: LHB Richard Hunter
|
0-0: Ball 1-0: Ball 2-0: Swinging Strike 2-1: Foul Ball, location: 2F 2-2: Ground out 1-3 (Groundball, 13S)
|
Batting: RHB Iván Gonzáles
|
0-0: Ball 1-0: Called Strike 1-1: Foul Ball, location: 2F 1-2: Ball 2-2: Foul Ball, location: 2F 2-2: Ball 3-2: Foul Ball, location: 2F 3-2: Strikes out swinging
|
Batting: RHB António Ortega
|
0-0: Called Strike 0-1: Fly out, F8 (Flyball, 8RS)
|
Top of the 4th over - 0 run(s), 0 hit(s), 0 error(s), 0 left on base; Seattle 6 - St. Louis 3 |
BOTTOM OF THE 4TH |
St. Louis Browns batting - Pitching for Seattle Pikes : LHP Mike Graves
|
Batting: RHB José Flores
|
0-0: Called Strike 0-1: Ball 1-1: Foul Ball, location: 2F 1-2: SINGLE (Groundball, 56S) (infield hit)
|
Batting: RHB António Venecia
|
0-0: Called Strike 0-1: Ball 1-1: Ball 2-1: Ball 3-1: SINGLE (Flyball, 78S) José Flores to second
|
Batting: RHB Vicente Valentín
|
0-0: Swinging Strike 0-1: Ball 1-1: Foul Ball, location: 2F 1-2: Strikes out looking
|
Batting: RHB Danny Walker
|
0-0: Ball 1-0: Called Strike 1-1: Ball 2-1: Ball 3-1: Fly out, F9 (Line Drive, 9)
|
Batting: SHB Ryobe Yamamoto
|
0-0: Ball 1-0: Ball 2-0: Foul Ball, location: 2F 2-1: Ball 3-1: Foul Ball, location: 2F 3-2: Fly out, F9 (Line Drive, 9)
|
Bottom of the 4th over - 0 run(s), 2 hit(s), 0 error(s), 2 left on base; Seattle 6 - St. Louis 3 |
TOP OF THE 5TH |
Seattle Pikes batting - Pitching for St. Louis Browns : RHP Kitahachi Okada
|
Batting: RHB Manuel Rico
|
0-0: Ball 1-0: Ball 2-0: Fly out, F9 (Flyball, 9LSF)
|
Batting: RHB Henning Huisman
|
0-0: Called Strike 0-1: Fly out, F8 (Flyball, 8RM)
|
Batting: RHB Eugene Gill
|
0-0: Called Strike 0-1: Ball 1-1: Ball 2-1: DOUBLE (Flyball, 78D)
|
Batting: RHB Wallace Greene
|
0-0: Ball 1-0: Swinging Strike 1-1: Foul Ball, location: 2F 1-2: Strikes out looking
|
Top of the 5th over - 0 run(s), 1 hit(s), 0 error(s), 1 left on base; Seattle 6 - St. Louis 3 |
BOTTOM OF THE 5TH |
St. Louis Browns batting - Pitching for Seattle Pikes : LHP Mike Graves
|
Pitching: RHP José Salinas
|
|
Batting: RHB Paco Castillo
|
0-0: Ground out 6-3 (Groundball, 6)
|
Batting: LHB Robin Hill
|
0-0: Ball 1-0: Ball 2-0: Fly out, F8 (Line Drive, 8LD)
|
Batting: RHB Adrian Prouse
|
0-0: Called Strike 0-1: Called Strike 0-2: Fly out, F8 (Line Drive, 8LD)
|
Bottom of the 5th over - 0 run(s), 0 hit(s), 0 error(s), 0 left on base; Seattle 6 - St. Louis 3 |
TOP OF THE 6TH |
Seattle Pikes batting - Pitching for St. Louis Browns : RHP Kitahachi Okada
|
Batting: RHB Roberto Zamora
|
0-0: Called Strike 0-1: Called Strike 0-2: Ball 1-2: Strikes out swinging
|
Batting: RHB Bill Mark
|
0-0: Ground out 1-3 (Groundball, 15S)
|
Batting: LHB Richard Hunter
|
0-0: Ball 1-0: Called Strike 1-1: Ball 2-1: Ball 3-1: Base on Balls
|
Batting: RHB Iván Gonzáles
|
0-0: Fly out, F9 (Flyball, 89S)
|
Top of the 6th over - 0 run(s), 0 hit(s), 0 error(s), 1 left on base; Seattle 6 - St. Louis 3 |
BOTTOM OF THE 6TH |
St. Louis Browns batting - Pitching for Seattle Pikes : RHP José Salinas
|
Batting: RHB Anthony Rucker
|
0-0: SINGLE (Line Drive, 89M)
|
Batting: RHB José Flores
|
0-0: Ball 1-0: Foul Ball, location: 2F 1-1: Ball 2-1: Ball 3-1: Called Strike 3-2: Foul Ball, location: 2F 3-2: Fielders Choice at 2nd, 4-6 (Groundball, 4M)
|
Batting: RHB António Venecia
|
0-0: Foul Ball, location: 2F 0-1: SINGLE (Flyball, 9LM) José Flores to second Runner from 2nd tries for 3rd, SAFE, no throw
|
Batting: RHB Vicente Valentín
|
0-0: Called Strike 0-1: Called Strike 0-2: Strikes out swinging
|
Batting: RHB Danny Walker
|
0-0: Fielders Choice at 2nd, 6-4 (Groundball, 6)
|
Bottom of the 6th over - 0 run(s), 2 hit(s), 0 error(s), 1 left on base; Seattle 6 - St. Louis 3 |
TOP OF THE 7TH |
Seattle Pikes batting - Pitching for St. Louis Browns : RHP Kitahachi Okada
|
Batting: RHB António Ortega
|
0-0: Called Strike 0-1: Foul Ball, location: 2F 0-2: Ball 1-2: Strikes out swinging
|
Batting: RHB Manuel Rico
|
0-0: Ball 1-0: Ball 2-0: Ball 3-0: Foul Ball, location: 2F 3-1: Base on Balls
|
Batting: RHB Henning Huisman
|
0-0: Ball 1-0: Fly out, F2 (Popup, 56S)
|
Batting: RHB Eugene Gill
|
0-0: Ball 1-0: Swinging Strike 1-1: Ball 2-1: Ball 3-1: Fielders Choice at 2nd, 6-4 (Groundball, 56)
|
Top of the 7th over - 0 run(s), 0 hit(s), 0 error(s), 0 left on base; Seattle 6 - St. Louis 3 |
BOTTOM OF THE 7TH |
St. Louis Browns batting - Pitching for Seattle Pikes : RHP José Salinas
|
Batting: SHB Ryobe Yamamoto
|
0-0: Called Strike 0-1: SINGLE (Flyball, 8RS)
|
Batting: RHB Paco Castillo
|
0-0: Grounds into double play, 5-4-3 (Groundball, 56)
|
Batting: LHB Robin Hill
|
0-0: Ball 1-0: Foul Ball, location: 2F 1-1: Fly out, F8 (Line Drive, 8LD)
|
Bottom of the 7th over - 0 run(s), 1 hit(s), 0 error(s), 0 left on base; Seattle 6 - St. Louis 3 |
TOP OF THE 8TH |
Seattle Pikes batting - Pitching for St. Louis Browns : RHP Kitahachi Okada
|
Batting: RHB Wallace Greene
|
0-0: Swinging Strike 0-1: Ball 1-1: Foul Ball, location: 2F 1-2: Ball 2-2: Fly out, F8 (Flyball, 8RM)
|
Batting: RHB Roberto Zamora
|
0-0: Foul Ball, location: 2F 0-1: Ball 1-1: Swinging Strike 1-2: Ball 2-2: Strikes out swinging
|
Batting: RHB Bill Mark
|
0-0: Swinging Strike 0-1: Ball 1-1: SINGLE (Line Drive, 6D)
|
Batting: LHB Richard Hunter
|
0-0: Ball 1-0: Hit by Pitch Bill Mark to second
|
Batting: RHB Iván Gonzáles
|
0-0: Ball 1-0: Ball 2-0: Ball 3-0: Called Strike 3-1: 3-RUN HOME RUN (Flyball, 7D), Distance : 374 ft
|
Pitching: LHP Luis Noriega
|
|
Batting: RHB António Ortega
|
0-0: Called Strike 0-1: Called Strike 0-2: Reached on error, E5 (Groundball, 56S)
|
Batting: RHB Manuel Rico
|
0-0: Called Strike 0-1: Ball 1-1: Swinging Strike 1-2: Strikes out swinging
|
Top of the 8th over - 3 run(s), 2 hit(s), 1 error(s), 1 left on base; Seattle 9 - St. Louis 3 |
BOTTOM OF THE 8TH |
St. Louis Browns batting - Pitching for Seattle Pikes : RHP José Salinas
|
Now at 3B: Don Soper
|
|
Now in CF: Roberto Lozano
|
|
Now in RF: Jesús Núńez
|
|
Batting: RHB Adrian Prouse
|
0-0: Ball 1-0: Ball 2-0: SINGLE (Line Drive, 89S)
|
Batting: RHB Anthony Rucker
|
0-0: Called Strike 0-1: Foul Ball, location: 2F 0-2: Ball 1-2: Fly out, F7 (Flyball, 7LMF)
|
Batting: RHB José Flores
|
0-0: Foul Ball, location: 2F 0-1: Ball 1-1: Grounds into double play, 4-6-3 (Groundball, 4)
|
Bottom of the 8th over - 0 run(s), 1 hit(s), 0 error(s), 0 left on base; Seattle 9 - St. Louis 3 |
TOP OF THE 9TH |
Seattle Pikes batting - Pitching for St. Louis Browns : LHP Luis Noriega
|
Batting: RHB Henning Huisman
|
0-0: Called Strike 0-1: Ball 1-1: Ball 2-1: Swinging Strike 2-2: Strikes out swinging
|
Batting: RHB Eugene Gill
|
0-0: Swinging Strike 0-1: Ball 1-1: Foul Ball, location: 2F 1-2: Strikes out swinging
|
Batting: RHB Wallace Greene
|
0-0: Ball 1-0: Foul Ball, location: 2F 1-1: Ball 2-1: Called Strike 2-2: Strikes out looking
|
Top of the 9th over - 0 run(s), 0 hit(s), 0 error(s), 0 left on base; Seattle 9 - St. Louis 3 |
BOTTOM OF THE 9TH |
St. Louis Browns batting - Pitching for Seattle Pikes : RHP José Salinas
|
Now at C: Tae-kwon Kwon
|
|
Now at 2B: Pete Rideout
|
|
Batting: RHB António Venecia
|
0-0: Called Strike 0-1: Foul Ball, location: 2F 0-2: Strikes out swinging
|
Batting: RHB Vicente Valentín
|
0-0: Called Strike 0-1: Ball 1-1: Ground out 5-3 (Groundball, 56S)
|
Batting: RHB Danny Walker
|
0-0: SINGLE (Line Drive, 4M)
|
Batting: SHB Ryobe Yamamoto
|
0-0: SINGLE (Groundball, 3) (infield hit) Danny Walker to second
|
Batting: RHB Paco Castillo
|
0-0: Ball 1-0: Ground out 4-3 (Groundball, 34D)
|
Bottom of the 9th over - 0 run(s), 2 hit(s), 0 error(s), 2 left on base; Seattle 9 - St. Louis 3 |
|